 Dungeon Crawl Stone Soup version 0.23.2-40-g277498a001 (webtiles) character file.

Game seed: 6129215598588647636

254 Destructed3 the Skirmisher (level 5, -2/47 HPs)
             Began as a Draconian Fighter on Oct 21, 2019.
             Killed by divine providence
             ... invoked by an orc priest
              (13 damage)
             ... on level 3 of the Dungeon.
             The game lasted 00:12:06 (2489 turns).

Destructed3 the Skirmisher (Draconian Fighter)      Turns: 2489, Time: 00:12:07

Health: -2/47      AC:  6    Str: 19    XL:     5   Next: 90%
Magic:  5/5        EV: 11    Int:  8    God:
Gold:   161        SH:  9    Dex: 11    Spells: 4/4 levels left

rFire    . . .     SeeInvis .   a - +1 war axe
rCold    . . .     Gourm    .   b - +0 shield
rNeg     . . .     Faith    .   (armour unavailable)
rPois    .         Spirit   .   (helmet restricted)
rElec    .         Reflect  .   i - +0 cloak
rCorr    .         Harm     .   (no gloves)
MR       .....                  (no boots)
Stlth    +.........             (no amulet)
HPRegen  0.15/turn              (no ring)
MPRegen  0.09/turn              (no ring)

@: no status effects
A: unfitting armour, cold-blooded, AC +5
a: no special abilities


You were on level 3 of the Dungeon.
You were hungry.

You visited 1 branch of the dungeon, and saw 3 of its levels.

You collected 161 gold pieces.

Inventory:

Hand Weapons
 a - a +1 war axe (weapon)
 k - a +0 short sword
Missiles
 m - 4 throwing nets (quivered)
Armour
 b - a +0 shield (worn)
 i - a +0 cloak (worn)
Scrolls
 f - a scroll of fear
 h - a scroll of enchant weapon
 l - 2 scrolls of enchant armour {unknown}
 n - a scroll of remove curse
Potions
 c - a potion of might
 e - 3 potions of curing
 j - 2 potions of degeneration {unknown}
 o - a potion of cancellation {unknown}
Comestibles
 d - 4 rations


   Skills:
 * Level 4.7 Fighting
 + Level 4.1 Axes
 + Level 3.5 Dodging
 + Level 0.5 Stealth
 + Level 3.7 Shields


You had 4 spell levels left.
You didn't know any spells.
Your spell library was empty.

Dungeon Overview and Level Annotations

Branches:
Dungeon (3/15)

Altars:


Innate Abilities, Weirdness & Mutations

Your plain brown scales are hard. (AC +5)
You cannot fit into any form of body armour.
You are cold-blooded and may be slowed by cold attacks.


Message History

You barely miss the orc priest.
The orc priest is heavily wounded.
The orc barely misses you. You block the orc priest's attack.
The orc priest calls down the wrath of Beogh upon you.
Beogh smites you! The orc hits you but does no damage.
The orc priest begins to cast a cantrip, but forgets the words!
You hit the orc priest.
The orc priest is heavily wounded.
You block the orc priest's attack. The orc barely misses you.
You slash the orc priest!
You kill the orc priest!
You are feeling hungry.
The orc hits you but does no damage.
The orc priest invokes the aid of Beogh against you.
Beogh smites you!
* * * LOW HITPOINT WARNING * * *
You feel better. You block the orc's attack.
The orc priest mumbles some strange prayers to Beogh against you.
Beogh smites you!
You die...

###.# #<#.# #...#
#...# #...# # #...#
# ##.#.##...#
####.## ..
..........##.......
. ####......@or.# #
..........##o......
# ..(.......#
..##... #
#######...# ...# .
# .....# ..... #
..#...# ...... #
##.#.... .o..... #
. #.... ...o#.# # #


You could see an orc priest, an orc and a rat.

Vanquished Creatures
  A crimson imp (D:2)
  An orc priest (D:3)
  Terence (D:3)
  4 gnolls (D:2)
  2 adders (D:2)
  An ooze (D:1)
  4 worms (D:2)
  3 dart slugs
  2 leopard geckos
  5 orcs (D:3)
  9 bats
  4 giant cockroaches
  9 goblins
  9 hobgoblins
  9 jackals
  A quokka (D:2)
  6 frilled lizards
  5 kobolds
  7 rats
83 creatures vanquished.

Notes
Turn   | Place    | Note
-------+----------+-------------------------------------------
     0 | D:1      | Destructed3 the Draconian Fighter began the quest for the
                  | Orb.
     0 | D:1      | Reached XP level 1. HP: 19/19 MP: 1/1
    30 | D:1      | Reached XP level 2. HP: 9/26 MP: 2/2
   511 | D:1      | Reached XP level 3. HP: 24/33 MP: 3/3
  1048 | D:2      | Reached XP level 4. HP: 8/40 MP: 4/4
  1051 | D:2      | HP: 1/40 [gnoll/+0 spear (5)]
  1680 | D:2      | Reached XP level 5. HP: 47/47 MP: 5/5
  2339 | D:3      | Noticed Terence
  2353 | D:3      | Killed Terence
  2488 | D:3      | HP: 2/47 [orc priest/divine providence (14)]
  2489 | D:3      | Killed from afar by an orc priest

Skill      XL: |  1  2  3  4  5 |
---------------+----------------+-----
Dodging        | 3 |  3.5
Axes           | 3 4 |  4.1
Fighting       | 4 |  4.7
Stealth        | |  0.5
Shields        | |  3.7

Action                   |  1- 3 |  4- 6 || total
-------------------------+-------+-------++-------
Melee: War axe           |    90 |   126 ||   216
       Tailslap          |    12 |    11 ||    23
  Use: Scroll            |       |     5 ||     5
       Potion            |       |     1 ||     1
  Eat: Chunk             |     1 |     4 ||     5
Armor: Skin              |    23 |    27 ||    50
Dodge: Dodged            |    37 |    52 ||    89
Block: Shield            |    41 |    61 ||   102
